 Dungeon Crawl Stone Soup version 0.28-a0-1387-g3a22ab9bdc (webtiles) character file.

Game seed: 10513417961408667556

15 grumblor the Shield-Bearer (level 2, -2/16 HPs)
             Began as a Vine Stalker Fighter on Jan 3, 2022.
             Slain by Natasha (3 damage)
             ... on level 2 of the Dungeon.
             The game lasted 00:01:00 (787 turns).

grumblor the Shield-Bearer (Vine Stalker Fighter)    Turns: 787, Time: 00:01:01

Health: -2/16      AC:  6    Str: 18    XL:     2   Next: 50%
Magic:  0/3        EV:  9    Int:  8    God:
Gold:   36         SH:  4    Dex: 13    Spells: 2/2 levels left

rFire   . . .      SeeInvis .   a - +0 war axe
rCold   . . .      Faith    .   c - +0 buckler
rNeg    . . .      Spirit   +   b - +0 scale mail
rPois   .          Reflect  .   (no helmet)
rElec   .          Harm     .   (no cloak)
rCorr   .          Rampage  .   (no gloves)
Will    .....                   (no boots)
Stlth   ..........              (no amulet)
HPRegen 0.05/turn               (no ring)
MPRegen 0.08/turn               (no ring)

@: no status effects
A: fangs 2, magic shield, antimagic bite, no potion heal 2
a: no special abilities


You were on level 2 of the Dungeon.
You visited 1 branch of the dungeon, and saw 2 of its levels.

You collected 36 gold pieces.

Inventory:

Hand Weapons
 a - a +0 war axe (weapon)
Armour
 b - a +0 scale mail (worn)
 c - a +0 buckler (worn)
Scrolls
 e - a scroll of noise {unknown}
Potions
 d - a potion of might


   Skills:
 + Level 2.8 Fighting
 + Level 1.9 Axes
 + Level 2.5 Armour
 * Level 0.2 Dodging
 * Level 2.9 Shields
 * Level 0.6 Spellcasting


You had 2 spell levels left.
You didn't know any spells.
Your spell library was empty.

Dungeon Overview and Level Annotations

Branches:
Dungeon (2/15)

Altars:

Shops:
D:1 [

Annotations:
D:2 Natasha


Innate Abilities, Weirdness & Mutations

You have extremely sharp teeth.
When hurt, damage is shared between your health and your magic reserves.
Your bite disrupts and absorbs the magic of your enemies.
Potions cannot restore your health.


Message History

Natasha's front paws start to glow.
Natasha stares at you and mumbles some strange words.
You resist with significant effort.
Natasha mumbles some strange words.
You miss the crimson imp. Your bite misses the crimson imp.
You completely miss Natasha. Natasha barely misses you.
You block the crimson imp's attack. Natasha claws you.
You closely miss the crimson imp. Your bite misses the crimson imp.
You completely miss Natasha. The crimson imp barely misses you.
Natasha claws you! The crimson imp hits you.
You are too injured to fight recklessly!
You are too injured to fight recklessly!
You are too injured to fight recklessly!
You are too injured to fight recklessly!
Unknown command.
Your shield and scale mail prevent you from hitting Natasha.
You miss the crimson imp. Natasha closely misses you.
The crimson imp hits you but does no damage.
Unknown command.
You barely miss Natasha. You bite Natasha.
Natasha's magic leaks into the air.
You drain her magic.
You feel invigorated.
Natasha is moderately wounded.
You hit the crimson imp. Natasha casts a spell at you. The magic dart hits you.
* * * LOW HITPOINT WARNING * * *
The crimson imp closely misses you. Natasha closely misses you.
You closely miss Natasha. Your bite misses Natasha.
Natasha is moderately wounded.
You slash the crimson imp!
You kill the crimson imp!
The crimson imp disappears in a puff of smoke!
Natasha claws you.
* * * LOW HITPOINT WARNING * * *
Unknown command.
You hit Natasha. You bite Natasha.
Natasha's magic leaks into the air.
You drain her magic.
You feel invigorated.
Natasha is severely wounded.
Natasha barely misses you. Natasha claws you.
You die...

.. . . .#
####.# #
#......
###.h#.#
#.ยง@...###
#........+
#.#...####
#.#..##
#.#....
#.######
#.## #..#
##.#


You could see Natasha (magic disrupted).

Vanquished Creatures
  3 endoplasms (D:1)
  2 giant cockroaches (D:1)
  A goblin (D:1)
  2 hobgoblins (D:1)
  A bat (D:1)
  A kobold (D:1)
  4 rats (D:1)
14 creatures vanquished.

Notes
Turn   | Place    | Note
-------+----------+-------------------------------------------
     0 | D:1      | grumblor the Vine Stalker Fighter began the quest for the
                  | Orb.
     0 | D:1      | Reached XP level 1. HP: 11/11 MP: 2/2
   310 | D:1      | Reached XP level 2. HP: 10/16 MP: 3/3
   433 | D:1      | Found Koweawis's Armour Boutique.
   778 | D:2      | Noticed Natasha
   782 | D:2      | Noticed a crimson imp
   787 | D:2      | Slain by Natasha

Illustrated notes

Levels and vault maps discovered:
D:1:      dpeg_arrival_boxorama, layout_rooms, serial_shops,
          nicolae_shop_hallway_plus, minmay_misc_feat_five
D:2:      layout_loops_corners, minmay_quadrilaterals, uniq_sigmund,
          uniq_natasha

Action                   || total
-------------------------++-------
Melee: War axe           ||    45
       Bite              ||    11
Armor: Scale mail        ||    22
Dodge: Dodged            ||    23
Block: Buckler           ||    11

Table legend: (Time is in decaauts)
 A = Elapsed time spent in this place.
 B = Non-inter-level travel time spent in this place.
 C = Inter-level travel time spent in this place.
 D = Time resting spent in this place.
 E = Time spent auto-exploring this place.
 F = Levels seen in this place.
 G = Mean time per level.
                   A        B        C        D        E       F      G
               +--------+--------+--------+--------+--------+-----+--------+
         Total |    806 |    786 |     20 |      0 |    671 |   2 |  403.0 |
       Dungeon |    806 |    786 |     20 |      0 |    671 |   2 |  403.0 |
               +--------+--------+--------+--------+--------+-----+--------+

Top non-repeatable levels by time:
     D:1: 787 daAuts
     D:2: 19 daAuts
